 Dungeon Crawl Stone Soup version 0.30.1-3-gfc49f6343a (webtiles) character file.

Game seed: 2340380343523557295

47884 babooboo the Summoner (level 14, -6/61 HPs)
             Began as a Kobold Summoner on July 31, 2023.
             Was a High Priest of Hepliaklqana.
             Mangled by an eight-headed hydra (9 damage)
             ... on level 5 of the Lair of Beasts.
             The game lasted 00:47:33 (21699 turns).

babooboo the Summoner (Kobold Summoner)            Turns: 21699, Time: 00:47:33

Health: -6/61      AC:  9    Str:  5    XL:     14   Next: 84%
Magic:  28/28      EV: 22    Int: 20    God:    Hepliaklqana [*****.]
Gold:   1175       SH:  0    Dex: 17    Spells: 3/33 levels left

rFire   + . .        L - +3 short sword of Popidd {elec, rElec Stlth+}
rCold   . . .        (no shield)
rNeg    . . .        a - +0 robe
rPois   +            n - +0 helmet
rElec   +            C - +2 cloak {rPois}
rCorr   .            k - +1 pair of gloves
SInv    .            i - +0 pair of boots
Will    +....        N - amulet of regeneration
Stlth   +++++++      d - ring of wizardry
HPRegen 1.10/turn    H - ring of protection from fire
MPRegen 0.21/turn

%: wizardry (x1)
@: no status effects
A: reduced essence, small, no large weapons, nightstalker 3
a: Renounce Religion, Recall Ancestor, Ancestor Identity, Transference, Idealise


You were on level 5 of the Lair of Beasts.
You worshipped Hepliaklqana.
Hepliaklqana was extremely pleased with you.
You visited 2 branches of the dungeon, and saw 16 of its levels.
You visited 1 bazaar.
You also visited: Ossuary and Bailey.

You collected 1486 gold pieces.
You spent 311 gold pieces at shops.

Inventory:

Hand Weapons
 L - the +3 short sword of Popidd (weapon) {elec, rElec Stlth+}
   (You acquired it on level 1 of the Lair of Beasts)

   rElec:     It insulates you from electricity.
   Stlth:     It makes you more stealthy.
Missiles
 G - a throwing net
Armour
 a - a +0 robe (worn)
 i - a +0 pair of boots (worn)
 k - a +1 pair of gloves (worn)
 n - a +0 helmet (worn)
 C - a +2 cloak of poison resistance (worn)
 E - a +0 kite shield
 J - +0 acid dragon scales
Jewellery
 d - a ring of wizardry (left hand)
 f - a +6 ring of dexterity
 l - a ring of fire
 s - a ring of positive energy
 H - a ring of protection from fire (right hand)
 N - an amulet of regeneration (around neck)
Wands
 h - a wand of paralysis (6)
 p - a wand of flame (30)
 w - a wand of quicksilver (12)
 x - a wand of iceblast (11)
 A - a wand of digging (2)
 M - a wand of mindburst (8)
Scrolls
 c - 4 scrolls of torment
 u - 4 scrolls of teleportation
 y - 7 scrolls of identify
 F - a scroll of amnesia
 K - a scroll of brand weapon
Potions
 e - a potion of ambrosia
 g - 8 potions of curing
 m - 5 potions of haste
 q - 5 potions of flight
 r - 3 potions of lignification
 t - 3 potions of heal wounds
 v - a potion of might
 z - a potion of resistance
 I - a potion of mutation


   Skills:
 - Level 6.7 Short Blades
 + Level 11.8 Dodging
 - Level 10.5 Stealth
 + Level 6.7 Shields
 + Level 10.0 Spellcasting
 * Level 14.1 Summonings
 + Level 7.9 Translocations
 + Level 8.0 Invocations


You had 3 spell levels left.
You knew the following spells:

 Your Spells              Type           Power      Damage    Failure   Level
a - Summon Small Mammal   Summ           100%       N/A       0%          1
b - Call Imp              Summ           100%       N/A       1%          2
c - Call Canine Familiar  Summ           61%        N/A       1%          3
d - Summon Lightning Spi  Summ/Air       38%        N/A       1%          4
e - Cigotuvi's Dreadful   Necr/Pois/Air  20%        N/A       4%          2
f - Summon Mana Viper     Hex/Summ       38%        N/A       4%          5
g - Summon Cactus Giant   Summ           30%        N/A       1%          6
h - Malign Gateway        Summ/Tloc      26%        N/A       26%         7

Your spell library contained the following spells:

 Spells                   Type           Power      Damage    Failure   Level
 Blink                    Tloc           82%        N/A       1%          2
 Summon Guardian Golem    Hex/Summ       38%        N/A       1%          3
 Volatile Blastmotes      Fire/Tloc      50%        2d14      1%          3
 Freeze                   Ice            40%        1d6       2%          1
 Dazzling Flash           Conj/Hex       20%        N/A       9%          3
 Frozen Ramparts          Ice            20%        1d4       9%          3
 Hailstorm                Conj/Ice       10%        3d5       9%          3
 Ignite Poison            Fire/Tmut/Pois 10%        N/A       9%          3
 Manifold Assault         Tloc           41%        N/A       1%          4
 Summon Forest            Summ/Tloc      26%        N/A       1%          5
 Iskenderun's Mystic Bla  Conj/Tloc      25%        2d7       6%          4
 Dispel Undead            Necr           10%        3d9       26%         4
 Summon Horrible Things   Summ           30%        N/A       45%         8
 Freezing Cloud           Conj/Ice/Air   5%         6-21      56%         5
 Death Channel            Necr           5%         N/A       98%         6
 Starburst                Conj/Fire      5%         6d4       98%         6
 Storm Form               Tmut/Air       5%         N/A       100%        7


Dungeon Overview and Level Annotations

Branches:
Dungeon (11/15)            Temple (0/1) D:4            Lair (5/5) D:11
  Swamp (0/4) Lair:3        Snake (0/4) Lair:2        Slime (0/5) Lair:4
Ossuary (visited)          Bailey (visited)
    Orc: D:9-12

Altars:
Hepliaklqana
Okawaru
Jiyva

Shops:
D:6 *   D:10 (

Annotations:
D:6 3 runed translucent doors
Lair:2 2 transporters, Waters's ghost, journeyman HuIE


Innate Abilities, Weirdness & Mutations

Your life essence is reduced to manifest your ancestor. (-10% HP)
You are small and have problems with some larger weapons.
You are completely attuned to the shadows.


Message History

Your cactus giant disappears in a puff of smoke!
HP restored.
You start resting.
Your magical contamination has completely faded away.
You start resting.
Magic restored.
You start waiting.
Done waiting.
You see here a +0 dagger.
There is a stone staircase leading down here.
You climb downwards.
You feel a wave of frost pass over you.
There is an entrance to an ice cave on this level.
Hurry and find it before the portal melts!
You hear the loud crackling of a distant melting archway.
The cane toad completely misses you. The wolf misses you.
The polar bear misses you. The polar bear closely misses you.
The polar bear completely misses you.
The eight-headed hydra closely misses you.
The eight-headed hydra misses you. The eight-headed hydra bites you! x2
The eight-headed hydra bites you but does no damage.
The eight-headed hydra bites you.
The eight-headed hydra completely misses you.
The eight-headed hydra misses you. The cane toad barely misses you.
The water moccasin bites Ingwe but does no damage.
The swamp dragon bites Ingwe!!
The swamp dragon claws Ingwe!
The swamp dragon tramples Ingwe.
Ingwe holds her ground!
A blink frog comes into view.
The wolf bites you.
The blink frog hits Ingwe!
There is a stone staircase leading up, spattered with blood here.
Okay, then.
The komodo dragon hisses menacingly.
The komodo dragon completely misses you.
The cane toad stings you!
* * * LOW HITPOINT WARNING * * *
The polar bear misses you. The polar bear barely misses you.
The polar bear claws you but does no damage.
The eight-headed hydra bites you!
* * * LOW HITPOINT WARNING * * *
The eight-headed hydra bites you!
You die...

,,........**,....................
,,....#..######.....#+#...P......
,,.......#P##.#.......#....##....
,,(..S...h..#..........#...#,...,
,,P......lhx.#FD...#..†.†..#,,,,,
,,.(......xDS#.S..##.÷†.*..#*,,,,
,,.......FFF##DFSY##.../..##*,,,,
,,.......F.F###RhF..xP÷†#.#*,,,,,
,,...#.......#.D@l.#...#.#.#,,,,,
,,,..##..######h.....#+#.#.#,,,,,
,,,,,#.##.#...P.÷.h........,,,,,,
,,,,...,.......÷......w─†...,,,,,
,,,,..,,............<†..*.†.,,,,,
,,,,,,,,....................,,,,,
,,,,,,**.##..#..............,,,,,
,,,,,,****#..#......#..§....,,,,,
**,,,** ***,*,...####..###*,,,*


You could see the friendly Ingwe the hexer, an eight-headed hydra, a five-headed
hydra (distracted), a swamp dragon, a polar bear, a komodo dragon, a black
mamba, a yak, a cane toad, 2 blink frogs, a water moccasin, a small abomination
(wandering) and 2 wolves.

Vanquished Creatures
  Erolcha (D:9)
  A hydra (Lair:3)
  A two-headed ogre (D:11)
  A boulder beetle (D:11)
  A manticore (Lair:4)
  9 elephants
  3 black mambas
  9 cane toads
  2 komodo dragons
  4 rime drakes
  A kobold demonologist (D:10)
  A troll (D:10)
  A polar bear (Lair:1)
  3 blink frogs
  A dream sheep (Lair:5)
  A shadow (D:11)
  2 wraiths
  14 yaks
  4 wyverns
  A vampire mosquito (D:11)
  2 basilisks
  2 swamp worms (Lair:3)
  6 water moccasins
  A nameless horror (D:6)
  A sky beast (D:8)
  An orc warrior (D:9)
  3 wolves (Lair:2)
  A phantom (D:6)
  A kobold brigand (D:8)
  5 bullfrogs
  3 killer bees
  4 howler monkeys
  A hexer (D:11)
  An orc priest (D:6)
  3 hounds (D:5)
  A jelly (D:4)
  3 iguanas
  4 orc wizards
  2 sleepcaps
  5 hell rats
  A mummy (Ossuary)
  4 gnolls
  7 adders
  A shadow imp (D:5)
  2 worms
  17 orcs
  5 goblins
  A hobgoblin (D:4)
  9 kobolds
  4 quokkas
  3 ball pythons
  4 bats
  2 frilled lizards (D:2)
  2 rats (D:2)
173 creatures vanquished.

Vanquished Creatures (collateral kills)
  A hydra (Lair:5)
  Erica (D:8)
  A catoblepas (Lair:5)
  A boulder beetle (D:11)
  2 two-headed ogres
  A skyshark (Lair:4)
  Lodul (D:11)
  2 manticores (D:11)
  An ugly thing (Lair:5)
  A cyclops (D:9)
  An oklob plant (Lair:4)
  3 black mambas
  13 elephants
  Joseph (D:9)
  A molten gargoyle (Lair:1)
  A gargoyle (D:11)
  7 cane toads
  Psyche (D:11)
  7 rime drakes
  2 komodo dragons
  A polar bear (Lair:1)
  2 trolls (D:11)
  Grinder (D:3)
  3 blink frogs
  2 dream sheep (Lair:5)
  A shadow (D:8)
  A vampire (D:11)
  2 spriggans
  18 yaks
  4 wyverns (Lair:4)
  5 basilisks
  A small abomination (Lair:5)
  A steam dragon (Lair:4)
  An acid dragon (D:11)
  3 nagas (Lair:2)
  5 water moccasins
  2 hell hounds (Lair:4)
  4 orc warriors
  An ice beast (D:6)
  2 black bears (D:11)
  16 ogres
  8 wolves
  A centaur (D:7)
  A phantom (D:4)
  A kobold brigand (D:11)
  2 bullfrogs
  A gnoll sergeant (D:11)
  A scorpion (D:3)
  A wight (D:9)
  5 killer bees
  2 jellies
  2 hounds
  Crazy Yiuf (D:5)
  A gnoll bouda (D:8)
  7 orc priests
  An iguana (D:5)
  Terence (D:1)
  6 orc wizards
  9 hell rats
  7 mummies (Ossuary)
  10 gnolls
  5 adders
  2 white imps
  An ufetubus (D:5)
  3 worms
  20 orcs
  2 endoplasms
  A goblin (D:1)
  3 hobgoblins
  A quokka (D:3)
  3 ball pythons
  A bat (D:1)
  2 frilled lizards (D:3)
  3 gnoll zombies (Ossuary)
  A hobgoblin zombie (Ossuary)
  4 kobolds
  3 kobold zombies (Ossuary)
  An orc zombie (Ossuary)
  4 rats
253 creatures vanquished.

Vanquished Creatures (others)
  3 eldritch tentacles (Lair:5)
  A dream sheep (Lair:5)
  A hell rat (Lair:5)
  12 hexers
  4 ancestors
21 creatures vanquished.

Grand Total: 447 creatures vanquished

Notes
Turn   | Place    | Note
-------+----------+-------------------------------------------
     0 | D:1      | babooboo the Kobold Summoner began the quest for the Orb.
     0 | D:1      | Reached XP level 1. HP: 10/10 MP: 3/3
   202 | D:1      | Reached XP level 2. HP: 10/15 MP: 1/5
   218 | D:1      | Learned a level 2 spell: Call Imp
   820 | D:1      | Reached XP level 3. HP: 17/19 MP: 1/6
   868 | D:1      | Learned a level 3 spell: Call Canine Familiar
  1344 | D:2      | Identified a scroll of acquirement
  1344 | D:2      | Acquired a +2 demon blade of electrocution
  1680 | D:2      | Reached XP level 4. HP: 23/24 MP: 7/7
  1692 | D:2      | Noticed Terence
  2096 | D:2      | Reached skill level 1 in Short Blades
  2186 | D:2      | Reached XP level 5. HP: 28/28 MP: 9/9
  2297 | D:3      | Noticed Grinder
  2319 | D:3      | Killed Grinder
  2320 | D:3      | Reached skill level 5 in Summonings
  2320 | D:3      | Reached XP level 6. HP: 25/32 MP: 2/10
  2391 | D:3      | Learned a level 4 spell: Summon Lightning Spire
  2616 | D:3      | Reached XP level 7. HP: 36/36 MP: 8/12
  2983 | D:3      | Found an iron altar of Okawaru.
  3055 | D:3      | Found a hazy altar of Hepliaklqana.
  3107 | D:3      | Became a worshipper of Hepliaklqana the Forgotten
  3444 | D:4      | Found a staircase to the Ecumenical Temple.
  3943 | D:4      | Identified the +4 dagger "Hydrabane" {heavy, rC+ MP-9
                  | Str+2}
  3955 | D:4      | Reached skill level 5 in Stealth
  3996 | D:4      | Reached skill level 6 in Summonings
  4621 | D:5      | Entered Level 5 of the Dungeon
  4624 | D:5      | Reached * piety under Hepliaklqana
  4628 | D:5      | Reached XP level 8. HP: 36/36 MP: 13/13
  4717 | D:5      | Found a sand-covered staircase.
  4724 | Ossuary  | Entered an ossuary
  5318 | D:1      | Killed Terence
  5505 | D:5      | Reached skill level 5 in Dodging
  5653 | D:5      | Learned a level 2 spell: Cigotuvi's Dreadful Rot
  5665 | D:5      | Reached skill level 1 in Invocations
  6148 | D:5      | Found a runed translucent door.
  6151 | D:5      | Noticed Crazy Yiuf
  6451 | D:5      | Killed Crazy Yiuf
  6452 | D:5      | Reached skill level 7 in Summonings
  6951 | D:6      | Noticed a nameless horror
  7099 | D:6      | Killed a nameless horror
  7208 | D:6      | Reached XP level 9. HP: 40/40 MP: 4/15
  7416 | D:6      | Found a runed translucent gate.
  7417 | D:6      | Found a runed translucent gate.
  7418 | D:6      | Found a runed translucent gate.
  7558 | D:6      | Found Jokhiatt's General Store.
  7561 | D:6      | Bought a scroll of teleportation for 45 gold pieces
  7805 | D:7      | Reached skill level 5 in Short Blades
  7860 | D:7      | Reached ** piety under Hepliaklqana
  7861 | D:7      | Remembered your ancestor Ingwe as a hexer
  7941 | D:7      | Found a flagged portal.
  7951 | Bailey   | Entered a bailey
  7976 | Bailey   | Reached skill level 5 in Spellcasting
  8016 | Bailey   | Reached skill level 8 in Summonings
  8093 | Bailey   | Noticed a two-headed ogre
  8694 | D:7      | Reached XP level 10. HP: 38/45 MP: 13/18
  9397 | D:8      | Reached skill level 9 in Summonings
  9521 | D:8      | Noticed a two-headed ogre
  9533 | D:8      | Killed a two-headed ogre
  9534 | D:8      | Reached skill level 1 in Shields
  9534 | D:8      | Reached skill level 1 in Translocations
 10507 | D:8      | Reached XP level 11. HP: 36/48 MP: 20/20
 10596 | D:8      | Noticed Erica
 10602 | D:8      | Killed Erica
 10603 | D:8      | Reached skill level 10 in Summonings
 10710 | D:9      | Noticed a cyclops
 10717 | D:9      | Killed a cyclops
 10948 | D:9      | Noticed Joseph
 10957 | D:9      | Killed Joseph
 11209 | D:9      | Noticed Erolcha
 11213 | D:9      | Killed Erolcha
 11390 | D:9      | Reached skill level 10 in Stealth
 11452 | D:9      | Reached *** piety under Hepliaklqana
 11930 | D:10     | Entered Level 10 of the Dungeon
 12674 | D:10     | Found Pufizxyss's Weapon Boutique.
 12679 | D:10     | Noticed a two-headed ogre
 12684 | D:10     | Killed a two-headed ogre
 12685 | D:10     | Reached skill level 11 in Summonings
 12685 | D:10     | Reached XP level 12. HP: 53/53 MP: 13/23
 12856 | D:10     | Reached **** piety under Hepliaklqana
 13077 | D:11     | Noticed a boulder beetle
 13090 | D:11     | Killed a boulder beetle
 13101 | D:11     | Found a flickering gateway to a bazaar.
 13111 | Bazaar   | Entered a bazaar
 13221 | Bazaar   | Found Itroih's Weapon Shoppe.
 13221 | Bazaar   | Found Dacovil's Book Emporium.
 13243 | Bazaar   | Found Wiracukh's Book Emporium.
 13291 | Bazaar   | Bought a book of the Wilderness for 266 gold pieces
 13297 | Bazaar   | Learned a level 5 spell: Summon Mana Viper
 13304 | Bazaar   | Learned a level 6 spell: Summon Cactus Giant
 13348 | D:11     | Noticed Psyche
 13359 | D:11     | Killed Psyche
 13574 | D:11     | Found a staircase to the Lair.
 13908 | D:11     | Reached skill level 5 in Translocations
 13908 | D:11     | Noticed Lodul
 13914 | D:11     | Killed Lodul
 14080 | D:11     | Acquired a +1 cloak of poison resistance
 14115 | D:11     | Noticed a boulder beetle
 14128 | D:11     | Killed a boulder beetle
 14407 | D:11     | Noticed a two-headed ogre
 14410 | D:11     | Killed a two-headed ogre
 14900 | Lair:1   | Entered Level 1 of the Lair of Beasts
 14940 | Lair:1   | Reached skill level 12 in Summonings
 14940 | Lair:1   | Reached skill level 5 in Invocations
 15102 | Lair:1   | Acquired the +3 short sword of Popidd {elec, rElec Stlth+}
 15176 | Lair:1   | Reached XP level 13. HP: 35/56 MP: 11/25
 15270 | Lair:1   | Reached skill level 10 in Dodging
 15986 | Lair:1   | Reached ***** piety under Hepliaklqana
 16112 | Lair:2   | Reached skill level 5 in Shields
 16825 | Lair:2   | Found a staircase to the Snake Pit.
 17029 | Lair:2   | Found a transporter.
 17050 | Lair:2   | Found a transporter.
 17052 | Lair:2   | Noticed Waters's ghost (journeyman HuIE)
 17755 | Lair:3   | Noticed a seven-headed hydra
 17961 | Lair:3   | Killed a seven-headed hydra
 18179 | Lair:3   | Reached skill level 13 in Summonings
 18582 | Lair:3   | Found a staircase to the Swamp.
 18945 | Lair:4   | Reached XP level 14. HP: 59/61 MP: 14/27
 20106 | Lair:4   | Found a viscous altar of Jiyva.
 20106 | Lair:4   | Found a staircase to the Slime Pits.
 21050 | Lair:4   | Learned a level 7 spell: Malign Gateway
 21094 | Lair:5   | Entered Level 5 of the Lair of Beasts
 21165 | Lair:5   | Reached skill level 14 in Summonings
 21430 | Lair:5   | Reached skill level 10 in Spellcasting
 21699 | Lair:5   | HP: 3/61 [eight-headed hydra (8)]
 21699 | Lair:5   | Mangled by an eight-headed hydra

Illustrated notes

Levels and vault maps discovered:
D:1:      amcnicky_arrival_underground_garden, layout_basic
D:2:      layout_basic, minmay_distorted, uniq_terence
D:3:      layout_loops_ring, mainiacjoe_overflow_catwalk_spiral, uniq_grinder
D:4:      layout_basic, minmay_temple_entry_purple_smoke
D:5:      wad_lake_hut, layout_rooms, nicolae_ossuary_entry_plus,
          uniq_crazy_yiuf_cottage
D:6:      layout_gridville, ebering_ghost_rock_garden, serial_shops,
          kennysheep_mini_moat
D:7:      layout_loops_ring, enter_bailey_2, roderic_malta_cross
D:8:      layout_basic, uniq_erica
D:9:      layout_roguey, minivault_27, kennysheep_island_fort, uniq_erolcha,
          uniq_joseph
D:10:     layout_basic, serial_shops, nicolae_shop_tiny_real_fake_doors
D:11:     layout_basic, david_lair_generic, serial_shops, bzr_entry_gold,
          hangedman_corner_corridor, uniq_psyche, uniq_lodul
Lair:1:   layout_chaotic_city, grunt_megastairs_5
Lair:2:   layout_loops_ring, nicolae_snake_entry_squirm,
          gammafunk_ghost_berserking_beasts, grunt_megastairs_4
Lair:3:   layout_gridlike, palyth_hydra_swamp_entry
Lair:4:   layout_cellular_growth, dpeg_slime_entry_enclosed, special_room
          [special_room_mythical_zoo], hibernation_bobbens,
          infiniplex_staircase_pool
Lair:5:   hellmonk_lair_end_abyssal_woods, layout_regular_city,
          gammafunk_ghost_hydra_chop, portal_ice_cave_entry_pillars_2,
          chequers_serial_rivers_small_3, gammafunk_lair_bear_cave,
          serial_bayou_shore_b, serial_bayou_shore_a, lemuel_fruit_tree

Skill      XL: |  1  2  3  4  5  6  7  8  9 10 11 12 13 14 |
---------------+-------------------------------------------+-----
Stealth        | 3 4 5 6 7 9 10 | 10.5
Dodging        | 3 4 5 6 7 8 9 11 | 11.8
Short Blades   | 1 2 3 4 6 |  6.7
Spellcasting   | 3 4 5 6 7 8 9 10 | 10.0
Summonings     | 5 6 7 8 9 11 12 13 14 | 14.1
Invocations    | 1 3 5 6 8 |  8.0
Shields        | 2 3 4 5 6 |  6.7
Translocations | 2 4 5 6 7 |  7.9

Action                     |  1- 3 |  4- 6 |  7- 9 | 10-12 | 13-15 || total
---------------------------+-------+-------+-------+-------+-------++-------
  Melee: Dagger            |    41 |       |       |       |       ||    41
         Punch             |     1 |       |     2 |     2 |     4 ||     9
         Demon blade       |    11 |    22 |    15 |       |       ||    48
         Short sword       |     6 |       |   149 |   161 |   222 ||   538
   Cast: Summon Small Mamm |    12 |     1 |       |       |       ||    13
         Call Imp          |     8 |    10 |    19 |    10 |    10 ||    57
         Call Canine Famil |     4 |     8 |    31 |    19 |    18 ||    80
         Summon Lightning  |       |       |    22 |    38 |    29 ||    89
         Summon Cactus Gia |       |       |       |    14 |    41 ||    55
         Summon Mana Viper |       |       |       |     2 |     1 ||     3
         Malign Gateway    |       |       |       |       |     4 ||     4
 Invoke: Recall Ancestor   |       |       |     3 |     1 |       ||     4
         Ancestor Life: He |       |       |     1 |       |       ||     1
    Use: Scroll            |     6 |     1 |    15 |     7 |    12 ||    41
         Potion            |       |     4 |     9 |     3 |     5 ||    21
   Stab: Sleeping          |     6 |     4 |    15 |    11 |    18 ||    54
         Distracted        |       |       |     5 |     4 |    13 ||    22
         Confused          |       |       |       |     7 |     6 ||    13
 Armour: Robe              |    12 |    13 |    30 |    20 |    41 ||   116
  Dodge: Dodged            |    43 |    27 |   111 |   125 |   232 ||   538
